 Dungeon Crawl Stone Soup version 0.27-a0-1272-g7c8ad2e407 (webtiles) character file.

Game seed: 1825867678635712615

19527 Kinoniko the Severer (level 12, -3/115 HPs)
             Began as an Ogre Berserker on June 11, 2021.
             Was a High Priest of Trog.
             Slain by a nine-headed hydra (7 damage)
             ... on level 1 of the Lair of Beasts.
             The game lasted 00:13:22 (11981 turns).

Kinoniko the Severer (Ogre Berserker)              Turns: 11981, Time: 00:13:23

Health: -3/115     AC:  7    Str: 23 (25) XL:     12   Next: 69%
Magic:  12/12      EV: 14    Int:  7 (8)  God:    Trog [*****.]
Gold:   529        SH:  5    Dex: 11      Spells: 11/11 levels left

rFire    . . .     SeeInvis .   C - +1 broad axe (freeze)
rCold    . . .     Faith    .   (no shield)
rNeg     . . .     Spirit   .   y - +1 steam dragon scales
rPois    +         Reflect  +   (helmet restricted)
rElec    .         Harm     .   j - scarf {repulsion}
rCorr    .         Rampage  .   (gloves unavailable)
Will     +....                  (boots unavailable)
Stlth    +.........             k - amulet of reflection
HPRegen  0.29/turn              f - ring of poison resistance
MPRegen  0.13/turn              h - +4 ring of evasion

@: mighty, on berserk cooldown, slowed, repel missiles, very slow
A: large, unfitting armour, tough skin 1
a: Renounce Religion, Berserk, Trog's Hand, Brothers in Arms


You were on level 1 of the Lair of Beasts.
You worshipped Trog.
Trog was extremely pleased with you.
You visited 2 branches of the dungeon, and saw 12 of its levels.

You collected 581 gold pieces.
You spent 52 gold pieces at shops.

Inventory:

Hand Weapons
 q - a +2 war axe
 C - a +1 broad axe of freezing (weapon)
 O - a +1 battleaxe
Missiles
 s - 2 curare-tipped darts
 F - 4 throwing nets
Armour
 b - a +1 animal skin
 j - a scarf of repulsion (worn)
 y - +1 steam dragon scales (worn)
 L - a +1 cloak
Jewellery
 f - a ring of poison resistance (left hand)
 h - a +4 ring of evasion (right hand)
 k - an amulet of reflection (around neck)
 o - a ring of resist corrosion
 w - a ring of protection from cold
 D - a +4 ring of evasion
Wands
 a - a wand of flame (17)
 u - a wand of iceblast (9)
 v - a wand of mindburst (43)
 J - a wand of charming (5)
 M - a wand of polymorph (5)
Scrolls
 e - 2 scrolls of magic mapping
 m - 6 scrolls of teleportation
 n - 2 scrolls of immolation
 A - 6 scrolls of blinking
 E - a scroll of fog
 G - a scroll of silence
Potions
 c - 5 potions of flight
 d - a potion of brilliance
 g - 2 potions of might
 i - a potion of berserk rage
 l - a potion of resistance {unknown}
 p - 2 potions of curing
 r - 2 potions of degeneration
 x - a potion of ambrosia {unknown}
 z - 3 potions of magic
 B - a potion of attraction {unknown}
 I - a potion of cancellation {unknown}
 K - a potion of haste {unknown}


   Skills:
 - Level 6.8 Fighting
 * Level 18.7 Axes
 - Level 2.6 Dodging


You had 11 spell levels left.
You didn't know any spells.
Your spell library was empty.

Dungeon Overview and Level Annotations

Branches:
Dungeon (11/15)            Temple (0/1) D:4            Lair (1/6) D:10
    Orc: D:9-12

Altars:
Ashenzari
Fedhas
Kikubaaqudgha
Uskayaw
Wu Jian
Xom
Yredelemnul
Zin

Shops:
D:6 *


Innate Abilities, Weirdness & Mutations

You are too large for most types of armour.
You have tough skin. (AC +1)


Message History

The six-headed hydra bites you but does no damage.
The six-headed hydra misses you. x4; The six-headed hydra barely misses you.
You chop one of the six-headed hydra's heads off!
The five-headed hydra grows two more!
You slice the seven-headed hydra!! You freeze the seven-headed hydra.
The seven-headed hydra is severely wounded.
The seven-headed hydra bites you!
The seven-headed hydra completely misses you.
The seven-headed hydra bites you.
The seven-headed hydra closely misses you.
The seven-headed hydra bites you.
The seven-headed hydra bites you but does no damage. x2
You are too injured to fight recklessly!
Unknown command.
You chop one of the seven-headed hydra's heads off!
The six-headed hydra grows two more!
You slice the eight-headed hydra!! You freeze the eight-headed hydra.
The eight-headed hydra is severely wounded.
The eight-headed hydra bites you!
The eight-headed hydra closely misses you.
The eight-headed hydra bites you!
* * * LOW HITPOINT WARNING * * *
The eight-headed hydra bites you!
* * * LOW HITPOINT WARNING * * *
The eight-headed hydra bites you.
* * * LOW HITPOINT WARNING * * *
The eight-headed hydra closely misses you.
The eight-headed hydra misses you.
The eight-headed hydra barely misses you.
Okay, then.
You hack one of the eight-headed hydra's heads off!
The seven-headed hydra grows two more!
You slash the nine-headed hydra! You freeze the nine-headed hydra.
The nine-headed hydra is severely wounded.
You block the nine-headed hydra's attack.
The nine-headed hydra barely misses you. x2
The nine-headed hydra bites you!
* * * LOW HITPOINT WARNING * * *
The nine-headed hydra bites you!
You die...

### ###......###.
##.####.#....####..
##......#.#PP## #..>
#.........#### ##..
##...........## ###
#...........#.# #
###............## ###
#...†..........# ###..
#.....@........# #....
......(..D.......# #....
..................# #....
#....(............####....
##..?.............#.##....
#........................
##................≈≈≈≈≈≈.
...............≈≈≈≈≈≈≈≈≈
........≈≈≈≈≈≈≈≈≈≈


You could see a nine-headed hydra.

Vanquished Creatures
  Harold (D:9)
  A boulder beetle (D:11)
  A hydra (Lair:1)
  3 two-headed ogres
  Nergalle (D:10)
  Maurice (D:10)
  Joseph (D:10)
  A gargoyle (D:10)
  Psyche (D:11)
  2 cane toads (Lair:1)
  A kobold demonologist (D:8)
  2 komodo dragons
  Grinder (D:5)
  8 blink frogs (Lair:1)
  23 yaks
  A wyvern (D:9)
  2 basilisks (Lair:1)
  2 vampire mosquitoes (D:11)
  A steam dragon (D:6)
  An acid dragon (D:8)
  A water moccasin (D:7)
  2 ice beasts
  2 orc warriors
  2 sky beasts
  A black bear (D:8)
  2 necrophages
  5 ogres
  3 centaurs
  5 wolves (Lair:1)
  2 kobold brigands
  6 bullfrogs
  2 gnoll sergeants
  4 scorpions
  A water moccasin zombie (D:5)
  A wyvern skeleton (D:6)
  3 howler monkeys
  10 centaur zombies
  A bullfrog zombie (D:6)
  A centaur skeleton (D:7)
  3 hounds
  5 orc priests
  A bullfrog skeleton (D:5)
  2 gnoll shamans (D:5)
  Jessica (D:2)
  An iguana (D:7)
  7 orc wizards
  2 killer bee zombies
  2 hound zombies (D:5)
  4 howler monkey zombies
  4 adders
  22 gnolls
  2 shadow imps (D:6)
  4 white imps
  3 ufetubi
  An adder skeleton (D:4)
  A dart slug (D:2)
  18 orcs
  4 bats
  8 endoplasms
  6 giant cockroaches
  5 goblins
  5 hobgoblins
  5 jackals (D:2)
  4 quokkas
  6 ball pythons
  4 frilled lizards
  11 kobolds
  5 rats
255 creatures vanquished.

Vanquished Creatures (collateral kills)
  A boulder beetle (D:11)
  A hydra (D:11)
2 creatures vanquished.

Vanquished Creatures (others)
  An adder (D:6)
  8 fungi
  38 plants
47 creatures vanquished.

Grand Total: 304 creatures vanquished

Notes
Turn   | Place    | Note
-------+----------+-------------------------------------------
     0 | D:1      | Kinoniko the Ogre Berserker began the quest for the Orb.
     0 | D:1      | Reached XP level 1. HP: 24/24 MP: 1/1
   301 | D:1      | Reached XP level 2. HP: 19/32 MP: 2/2
   650 | D:1      | Found a faded altar of an unknown god.
   961 | D:2      | Found an ornate altar of the Wu Jian Council.
   987 | D:2      | Reached XP level 3. HP: 37/40 MP: 3/3
  1181 | D:2      | Reached skill level 4 in Axes
  1354 | D:2      | Noticed Jessica
  1362 | D:2      | Killed Jessica
  1363 | D:2      | Reached XP level 4. HP: 49/49 MP: 4/4
  1587 | D:2      | Reached skill level 5 in Fighting
  1941 | D:3      | Noticed an ice beast
  1952 | D:3      | Killed an ice beast
  1952 | D:3      | Reached ** piety under Trog
  1953 | D:3      | Reached skill level 5 in Axes
  1953 | D:3      | Reached XP level 5. HP: 58/58 MP: 5/5
  2348 | D:3      | Found a broken altar of Ashenzari.
  2437 | D:4      | Noticed a necrophage
  2441 | D:4      | Killed a necrophage
  2442 | D:4      | Reached XP level 6. HP: 67/67 MP: 6/6
  2569 | D:4      | Reached skill level 6 in Axes
  2758 | D:4      | Found a staircase to the Ecumenical Temple.
  2812 | D:4      | Found an ornate altar of the Wu Jian Council.
  3012 | D:4      | Reached XP level 7. HP: 41/76 MP: 7/7
  3600 | D:5      | Entered Level 5 of the Dungeon
  3601 | D:5      | Noticed Grinder
  3610 | D:5      | Killed Grinder
  3611 | D:5      | Reached skill level 7 in Axes
  3683 | D:5      | Reached skill level 8 in Axes
  3824 | D:5      | Reached XP level 8. HP: 84/84 MP: 8/8
  3872 | D:5      | Found a blossoming altar of Fedhas.
  4130 | D:5      | Reached skill level 9 in Axes
  4299 | D:5      | Reached *** piety under Trog
  4444 | D:5      | Reached skill level 10 in Axes
  4622 | D:5      | Identified the +1 dagger of Rurchyuff {vorpal, rN+ Will+
                  | Str+2 Dex-5}
  5071 | D:6      | Reached XP level 9. HP: 92/92 MP: 9/9
  5295 | D:6      | Reached skill level 11 in Axes
  5808 | D:6      | Found Onucsunn's General Store.
  5814 | D:6      | Bought a +0 broad axe for 52 gold pieces
  6220 | D:7      | Reached skill level 12 in Axes
  6271 | D:7      | Noticed a two-headed ogre
  6277 | D:7      | Killed a two-headed ogre
  6360 | D:7      | Reached skill level 13 in Axes
  6360 | D:7      | Reached XP level 10. HP: 100/100 MP: 10/10
  6504 | D:7      | Found a glowing silver altar of Zin.
  6885 | D:8      | Reached **** piety under Trog
  6892 | D:8      | Noticed a kobold demonologist
  6905 | D:8      | Killed a kobold demonologist
  7778 | D:9      | Reached skill level 14 in Axes
  8145 | D:9      | Identified the +1 ring mail of Idealism {Str+6 Slay-4}
  8280 | D:9      | Noticed a two-headed ogre
  8289 | D:9      | Killed a two-headed ogre
  8408 | D:9      | Noticed Harold
  8418 | D:9      | Killed Harold
  8419 | D:9      | Reached skill level 15 in Axes
  8419 | D:9      | Reached XP level 11. HP: 107/107 MP: 11/11
  8568 | D:10     | Entered Level 10 of the Dungeon
  8568 | D:10     | Noticed Joseph
  8581 | D:10     | Noticed Maurice
  8586 | D:10     | Killed Joseph
  8586 | D:10     | Reached ***** piety under Trog
  8590 | D:10     | Killed Maurice
  8591 | D:10     | Reached skill level 16 in Axes
  8970 | D:10     | Noticed Nergalle
  8981 | D:10     | Killed Nergalle
  9140 | D:10     | Found a staircase to the Lair.
  9283 | D:10     | Found a hide-covered altar of Uskayaw.
  9364 | D:10     | Found a basalt altar of Yredelemnul.
  9496 | D:10     | Found an ancient bone altar of Kikubaaqudgha.
  9496 | D:10     | Found a shimmering altar of Xom.
 10142 | D:11     | Reached skill level 17 in Axes
 10189 | D:11     | Noticed Psyche
 10195 | D:11     | Killed Psyche
 10413 | D:11     | Noticed a two-headed ogre
 10421 | D:11     | Killed a two-headed ogre
 10422 | D:11     | Reached XP level 12. HP: 115/115 MP: 12/12
 10494 | D:11     | Noticed a boulder beetle
 10517 | D:11     | Killed a boulder beetle
 10590 | D:11     | Noticed a five-headed hydra
 10596 | D:11     | Killed a five-headed hydra
 10780 | D:11     | Noticed a boulder beetle
 10799 | D:11     | Killed a boulder beetle
 11234 | Lair:1   | Entered Level 1 of the Lair of Beasts
 11249 | Lair:1   | Reached skill level 18 in Axes
 11419 | Lair:1   | Received a gift from Trog
 11954 | Lair:1   | Noticed a seven-headed hydra
 11963 | Lair:1   | Killed a nine-headed hydra
 11972 | Lair:1   | Noticed a six-headed hydra
 11981 | Lair:1   | HP: 4/115 [nine-headed hydra (15)]
 11981 | Lair:1   | Slain by a nine-headed hydra

Illustrated notes

Levels and vault maps discovered:
D:1:      ebering_trefoil_twist, layout_loops_ring, basic_ecumenical_altar,
          amcnicky_mini_pool_small, st_stairs_6
D:2:      layout_loops_cross, basic_altar, minmay_tromino_v4_a, uniq_jessica
D:3:      minmay_wonky_spiral, layout_rooms, cheibrodos_ashenzari_chains,
          grunt_decor_mini_mirrors
D:4:      layout_loops_cross, nicolae_overflow_crystal_walls, temple_statues
D:5:      layout_rooms, marbit_many_paths, serial_bayou, serial_bayou_pond_d,
          serial_bayou_shore_a, serial_bayou_lagoon_b, serial_bayou_pond_d,
          kennysheep_generic_room_2, uniq_grinder
D:6:      layout_loops_ring, serial_shops, kennysheep_little_box,
          minmay_misc_feat_iff
D:7:      layout_cave_pools, lemuel_doored_altar, grunt_ministairs_5,
          nrook_campfire
D:8:      layout_cave_pools
D:9:      layout_loops_cross, uniq_harold
D:10:     layout_loops_ring, overflow_temple_1_default,
          nicolae_overflow_hidden_temple, gammafunk_temple_overflow_forgotten,
          grunt_lair_entry_orc_guard_hut, nicolae_zen_rock_garden, uniq_joseph,
          uniq_maurice, uniq_nergalle
D:11:     layout_loops_cross, minivault_5, uniq_psyche
Lair:1:   cheibrodos_lair_river_kwai, layout_cave_pods, st_stairs_11,
          infiniplex_staircase_pool_2, grunt_megastairs_4

Skill      XL: |  1  2  3  4  5  6  7  8  9 10 11 12 |
---------------+-------------------------------------+-----
Axes           | 4 5 6 8 10 13 15 17 18 | 18.7
Fighting       | 5 6 |  6.8
Dodging        | |  2.6

Action                   |  1- 3 |  4- 6 |  7- 9 | 10-12 || total
-------------------------+-------+-------+-------+-------++-------
Melee: Hand axe          |    91 |    48 |       |       ||   139
       War axe           |       |    64 |   168 |       ||   232
       Broad axe         |       |       |    46 |   367 ||   413
Invok: Berserk           |     3 |     4 |    15 |    20 ||    42
       Brothers in Arms  |       |       |       |     3 ||     3
  Use: Scroll            |       |     5 |     7 |     9 ||    21
       Potion            |       |       |       |     6 ||     6
 Stab: Distracted        |       |       |       |     1 ||     1
Armor: Animal skin       |    27 |    18 |    19 |       ||    64
       Steam dragon scal |       |       |    19 |    69 ||    88
Dodge: Dodged            |    55 |    71 |   125 |   188 ||   439
       Repelled          |       |       |     1 |     2 ||     3
Block: Other             |       |    20 |    52 |    53 ||   125
       Reflection        |       |       |     4 |     2 ||     6

Table legend: (Time is in decaauts)
 A = Elapsed time spent in this place.
 B = Non-inter-level travel time spent in this place.
 C = Inter-level travel time spent in this place.
 D = Time resting spent in this place.
 E = Time spent auto-exploring this place.
 F = Levels seen in this place.
 G = Mean time per level.
                   A        B        C        D        E       F      G
               +--------+--------+--------+--------+--------+-----+--------+
         Total |  12351 |  11963 |    388 |   3627 |   6918 |  12 | 1029.2 |
       Dungeon |  11591 |  11203 |    388 |   3041 |   6864 |  11 | 1053.7 |
          Lair |    759 |    759 |      0 |    586 |     54 |   1 |  759.0 |
               +--------+--------+--------+--------+--------+-----+--------+

Top non-repeatable levels by time:
    D:11: 1364 daAuts
    D:10: 1359 daAuts
     D:4: 1235 daAuts
     D:5: 1226 daAuts
     D:6: 1195 daAuts
     D:7: 965 daAuts
     D:2: 958 daAuts
     D:9: 933 daAuts
     D:1: 886 daAuts
     D:8: 841 daAuts
  Lair:1: 759 daAuts
     D:3: 623 daAuts
